Map: Heavy Artillery LE

Players

maximo - Winner!

  • Race: Zerg Zerg
  • Spawn Location: 7:00

Arjan - Winner!

  • Race: Protoss Protoss
  • Spawn Location: 7:00

Massa

  • Race: Terran Terran
  • League: Gold
  • Spawn Location: 1:00

qqq

  • Race: Zerg Zerg
  • Spawn Location: 3:00

VOD

Have the link to the VOD?

Description

Time

  • Played on: June 24, 2020, 3:29 p.m.
  • Length: 14:34
Show
View Real Time Build Order
Export as new Build Order

maximo Zerg - Winner!

Build Orders: Hatch First, Zergling Baneling 

Get SALT Encoding   

  12  0:01  Drone  
  13  0:15  Overlord  
  13  0:16  Drone  
  14  0:33  Drone  
  14  0:34  Drone  
  16  0:37  Drone  
  17  0:55  Hatchery  
  17  0:57  Drone  
  17  1:02  Drone  
  18  1:11  Extractor  
  18  1:16  Spawning Pool  
  16  1:27  Drone  
  16  1:28  Drone  
  18  1:35  Drone  
  19  1:49  Overlord  
  19  2:05  Zergling x4  
  19  2:08  Queen x2  
  23  2:09  Zergling x2  
  23  2:14  Zergling x2  
  27  2:18  Zergling x2  
  28  2:22  Metabolic Boost  
  28  2:25  Zergling x2  
  29  2:31  Zergling x2  
  29  2:35  Zergling x2  
  31  2:43  Baneling Nest  
  30  2:44  Zergling x2  
  30  2:49  Overlord  
  31  2:51  Overlord  
  31  2:58  Zergling x2  
  31  3:01  Zergling x2  
  33  3:08  Zergling x2  
  33  3:11  Zergling x2  
  35  3:17  Zergling x2  
  35  3:18  Zergling x6  
  39  3:21  Zergling x2  
  40  3:28  Zergling x2  
  40  3:29  Zergling x2  
  40  3:32  Zergling x2  
  43  3:37  Zergling x2  
  43  3:40  Zergling x2  
  45  3:43  Zergling x2  
  46  3:49  Zergling x4  
  46  3:52  Zergling x2  
  48  4:18  Baneling x2, Zergling x6  
  48  4:19  Baneling x6  
  48  4:22  Overlord  
  51  4:43  Zergling x10  
  51  4:44  Zergling x2  
  52  4:47  Baneling x2  
  50  4:54  Zergling x4  
  50  5:13  Spore Crawler  
  48  5:16  Drone x2  
  48  5:17  Spore Crawler x2  
  47  5:23  Zergling x2  
  44  5:32  Zergling x6  
  40  5:47  Drone  
  40  5:48  Drone x3  
  40  5:56  Spore Crawler  
  26  6:22  Baneling x2  
  26  6:23  Drone x4  
  26  6:24  Drone x4  
  33  6:32  Extractor  
  33  6:33  Drone  
  33  6:40  Spore Crawler  
  33  6:42  Spore Crawler  
  33  6:44  Spore Crawler  
  33  6:46  Zergling x2  
  31  7:06  Drone x6  
  31  7:07  Drone  
  37  7:11  Extractor  
  37  7:14  Extractor  
  35  7:25  Queen  
  35  7:28  Drone  
  35  7:29  Drone x3  
  39  7:45  Drone x2  
  41  8:00  Drone x2  
  41  8:01  Drone x2  
  45  8:10  Zergling x2  
  46  8:28  Roach Warren  
  46  8:30  Evolution Chamber  
  46  8:31  Drone  
  46  8:32  Drone x2  
  47  8:36  Baneling x2  
  47  8:38  Lair  
  47  8:46  Zergling x8  
  51  8:55  Zergling x2  
  52  8:59  Overlord x3  
  52  9:04  Hatchery  
  52  9:06  Zergling x2  
  52  9:08  Baneling x3  
  52  9:09  Baneling  
  52  9:19  Drone x3  
  55  9:25  Drone  
  55  9:29  Zergling x6  
  55  9:30  Zergling x2  
  60  9:31  Hatchery  
  59  9:40  Drone x4  
  59  9:44  Extractor  
  59  9:45  Extractor  
  61  9:53  Drone x2, Hatchery  
  62  10:01  Overlord x2, Roach x2  
  66  10:09  Hydralisk Den  
  65  10:16  Zerg Ground Armor Level 1  
  65  10:25  Evolution Chamber  
  65  10:27  Drone x2  
  66  10:28  Drone  
  66  10:29  Drone x4  
  66  10:31  Queen  
  66  10:33  Spore Crawler  
  66  10:34  Drone x5  
  77  10:44  Zergling x8  
  77  10:45  Zergling x2  
  82  10:51  Pneumatized Carapace  
  82  10:53  Overseer  
  82  10:59  Centrifical Hooks  
  82  11:01  Muscular Augments  
  82  11:03  Drone x3  
  82  11:04  Drone  
  86  11:06  Overlord  
  86  11:17  Overlord x2  
  86  11:20  Zergling x8  
  86  11:21  Zergling x4  
  92  11:31  Hydralisk x2, Zerg Melee Weapons Level 1  
  92  11:32  Hydralisk  
  98  11:40  Drone x3  
  98  11:43  Drone x3  
  98  11:44  Drone  
  98  11:45  Zergling x6  
  108  11:58  Zergling x10  
  108  11:59  Zergling x10  
  118  12:03  Hydralisk x2  
  122  12:13  Grooved Spines  
  122  12:14  Zerg Ground Armor Level 2  
  122  12:23  Infestation Pit  
  122  12:26  Hydralisk x6  
  122  12:28  Overlord  
  133  12:31  Baneling  
  133  12:33  Extractor  
  133  12:35  Queen  
  133  12:36  Spore Crawler  
  133  12:48  Baneling x2  
  133  12:49  Baneling x5  
  133  13:01  Overlord x3  
  133  13:03  Zergling x12  
  133  13:04  Zergling x6  
  142  13:08  Baneling  
  142  13:23  Zergling x10  
  142  13:24  Zergling x6  
  148  13:30  Baneling x8  
  148  13:31  Baneling x26  
  148  13:33  Baneling x2  
  148  13:34  Baneling  
  148  13:35  Baneling x3  
  148  13:36  Baneling  
  148  13:37  Zergling x2  
  149  13:44  Overseer  
  149  13:51  Baneling  
  149  13:52  Baneling x6  
  149  13:53  Baneling x7  
  149  13:54  Baneling x2  
  149  13:56  Zergling x10  
Show
View Real Time Build Order
Export as new Build Order

Arjan Protoss - Winner!

Build Orders: Cannon Rush 

Get SALT Encoding   

  12  0:02  Probe  
  13  0:14  Probe  
  14  0:21  Pylon  
  14  0:29  Probe  
  15  0:54  Pylon  
  15  0:55  Forge  
  15  0:57  Probe  
  16  1:07  Assimilator  
  16  1:12  Pylon  
  16  1:30  Photon Cannon  
  16  1:40  Photon Cannon  
  16  1:47  Gateway  
  16  1:55  Photon Cannon  
  16  2:09  Pylon  
  16  2:22  Pylon  
  16  2:30  Photon Cannon  
  16  2:41  Cybernetics Core  
  16  2:52  Photon Cannon  
  16  3:05  Pylon  
  16  3:12  Photon Cannon  
  16  3:16  Probe, Pylon  
  17  3:31  Photon Cannon  
  17  3:38  Shield Battery  
  17  3:50  Pylon  
  17  4:09  Pylon  
  17  4:32  Photon Cannon  
  17  4:36  Shield Battery  
  17  4:40  Photon Cannon  
  17  4:46  Probe  
  17  4:51  Photon Cannon  
  18  4:53  Shield Battery  
  18  4:58  Probe  
  19  5:03  Assimilator  
  19  5:10  Probe  
  20  5:22  Probe  
  21  5:33  Probe, Nexus  
  22  5:41  Probe  
  22  5:49  Probe  
  24  6:00  Probe  
  24  6:02  Stargate  
  25  6:12  Probe  
  26  6:28  Probe, Stargate  
  27  6:36  Probe  
  27  6:37  Phoenix  
  27  6:46  Probe  
  31  6:56  Probe, Assimilator  
  31  6:58  Probe  
  31  6:59  Assimilator  
  33  7:04  Probe  
  34  7:08  Phoenix  
  34  7:10  Probe  
  34  7:11  Phoenix  
  34  7:13  Probe  
  40  7:25  Phoenix  
  40  7:26  Probe  
  41  7:43  Probe  
  42  7:47  Probe  
  43  7:55  Probe, Phoenix  
  46  8:00  Probe  
  46  8:02  Phoenix  
  49  8:07  Probe  
  49  8:12  Probe  
  51  8:15  Pylon  
  51  8:19  Probe  
  52  8:24  Probe  
  52  8:26  Fleet Beacon  
  53  8:31  Probe, Void Ray  
  54  8:36  Probe  
  59  8:53  Pylon  
  59  8:58  Pylon  
  57  9:23  Void Ray x2  
  57  9:25  Flux Vanes  
  61  10:13  Assimilator  
  61  10:16  Pylon  
  61  10:40  Void Ray x2  
  65  11:13  Void Ray x2  
  60  11:49  Void Ray  
  60  11:50  Void Ray  
  68  12:06  Photon Cannon  
  68  12:10  Photon Cannon, Nexus  
  68  12:12  Shield Battery, Pylon  
  68  12:15  Pylon  
  68  12:17  Assimilator  
  68  12:18  Shield Battery  
  68  12:20  Shield Battery  
  68  12:21  Assimilator  
  68  12:28  Void Ray x2  
  68  12:33  Photon Cannon  
  68  12:35  Photon Cannon  
  76  12:37  Shield Battery  
  76  12:39  Shield Battery  
  76  12:40  Photon Cannon  
  76  12:42  Photon Cannon  
  76  13:11  Phoenix x2  
  80  13:26  Void Ray x2  
Show
View Real Time Build Order
Export as new Build Order

Massa Terran 

Build Orders:  

Get SALT Encoding   

  12  0:06  SCV  
  13  0:17  Supply Depot  
  13  0:18  SCV  
  14  0:30  SCV  
  15  0:40  Barracks  
  15  0:43  SCV  
  16  0:55  SCV  
  17  1:07  SCV  
  18  1:19  SCV  
  19  1:31  SCV  
  20  1:46  Command Center  
  20  1:49  Refinery  
  20  1:51  Refinery  
  20  1:52  Supply Depot  
  20  1:57  Supply Depot  
  20  1:58  SCV  
  20  1:59  Marine  
  22  2:17  Marine  
  22  2:35  Marine  
  23  2:38  Barracks  
  23  2:50  SCV  
  24  2:53  Marine  
  25  3:02  SCV  
  26  3:09  SCV, Factory  
  27  3:13  Marine  
  27  3:14  SCV  
  29  3:22  SCV  
  29  3:27  SCV  
  31  3:30  Marine  
  31  3:31  Marine  
  32  3:41  Supply Depot  
  32  3:48  Marine  
  32  3:49  Marine  
  32  3:52  Orbital Command  
  32  3:54  Factory Tech Lab  
  34  3:57  SCV  
  31  4:09  SCV  
  24  4:10  Marine  
  22  4:28  Marine  
  23  4:36  Barracks  
  17  4:51  SCV  
  17  4:52  SCV  
  6  5:03  SCV  
  6  5:04  SCV  
  6  5:09  Barracks  
  6  5:15  SCV  
  6  5:16  SCV  
  8  5:22  Barracks  
  8  5:27  SCV  
  9  5:28  SCV  
  9  5:35  Supply Depot  
  10  5:36  Marine  
  10  5:41  SCV  
  13  5:53  SCV  
  13  5:54  SCV, Marine  
  13  5:56  Marine  
  16  6:05  SCV  
  16  6:06  SCV  
  16  6:10  Marine  
  19  6:12  Marine  
  19  6:14  Marine  
  19  6:17  SCV  
  22  6:28  Marine  
  22  6:29  SCV, Marine  
  25  6:48  Bunker, Marine x3  
  25  6:53  SCV  
  29  6:56  SCV  
  30  7:06  Marine x2  
  32  7:14  Barracks Tech Lab  
  32  7:31  Factory  
  32  7:37  Stimpack  
  32  7:43  SCV x2  
  34  7:55  SCV x2  
  36  8:01  Barracks Tech Lab  
  36  8:02  Marauder  
  38  8:14  Factory Tech Lab  
  38  8:23  Marauder  
  40  8:29  Marauder  
  40  8:30  Marine  
  43  8:43  Siege Tank  
  43  8:45  Factory  
  43  8:48  Supply Depot  
  46  8:50  Supply Depot  
  46  8:55  Orbital Command, Engineering Bay  
  46  9:03  Combat Shield  
  46  9:06  Marine  
  45  9:11  Marauder x2  
  48  9:24  Marine  
  49  9:45  Missile Turret  
  49  9:49  Missile Turret  
  49  9:50  SCV x2  
  51  10:02  SCV x2  
  53  10:13  Siege Tank  
  56  10:16  Marauder x2, Marine  
  56  10:17  Orbital Command  
  61  10:34  Marine  
  61  10:52  Marine  
  62  11:28  Marauder  
  62  11:29  Marauder  
  62  11:50  Factory Reactor  
  62  11:53  Supply Depot  
  62  12:14  Marine  
  62  12:15  SCV x2, Marauder x2  
  69  12:17  Supply Depot  
  69  12:27  SCV  
  70  12:34  Missile Turret  
  70  12:39  SCV x2, Marauder x2  
  70  12:41  Supply Depot  
  77  12:51  SCV x2  
  77  12:55  Missile Turret  
  78  13:03  SCV x2, Marauder x2  
  84  13:09  Barracks Reactor  
  84  13:15  SCV x2  
  84  13:17  Missile Turret  
  86  13:35  Supply Depot  
  86  13:36  Supply Depot  
  86  13:37  Supply Depot  
  86  13:38  Refinery  
  86  13:40  Supply Depot  
  86  13:44  Supply Depot  
  86  13:56  SCV x2, Marauder x2, Marine x2  
  94  14:08  SCV x2  
  86  14:20  SCV  
Show
View Real Time Build Order
Export as new Build Order

qqq Zerg 

Build Orders: Hatch First 

Get SALT Encoding   

  12  0:05  Drone  
  13  0:30  Hatchery  
  12  0:41  Overlord  
  12  0:43  Drone  
  12  0:46  Drone  
  14  1:05  Spawning Pool  
  14  1:09  Extractor  
  12  1:24  Drone  
  12  1:25  Drone x2  
  15  1:47  Drone  
  15  1:48  Drone  
  15  1:53  Drone, Extractor  
  19  2:08  Drone x2  
  21  2:10  Overlord  
  21  2:26  Drone  
  21  2:28  Queen  
  21  2:29  Lair  
  22  2:31  Overlord  
  22  2:32  Drone  
  22  2:35  Drone  
  24  2:38  Drone  
  25  2:46  Zergling x2  
  26  2:51  Drone  
  26  2:54  Zergling x2  
  28  3:04  Zergling x2  
  30  3:05  Drone x2  
  31  3:21  Drone  
  31  3:22  Drone  
  33  3:29  Spire  
  33  3:31  Drone  
  33  3:36  Drone  
  34  3:42  Zergling x2  
  35  3:56  Drone  
  35  3:58  Overlord  
  35  3:59  Overlord x3  
  36  4:25  Spine Crawler  
  36  4:28  Spine Crawler  
  34  4:36  Overlord x2  
  34  4:37  Drone  
  34  4:38  Drone  
  32  4:46  Mutalisk  
  32  4:47  Mutalisk x2  
  36  4:55  Mutalisk  
  38  5:06  Mutalisk  
  38  5:11  Mutalisk  
  22  5:23  Drone x2  
  24  5:35  Spawning Pool  
  15  5:55  Drone x3  
  15  6:05  Drone x3  
  15  6:10  Hatchery  
  17  6:34  Drone, Spine Crawler  
  17  6:36  Drone  
  18  6:52  Drone  
  19  7:34  Drone x5  
  24  7:43  Drone  
  17  8:04  Drone  
  18  8:06  Spore Crawler  
  18  8:09  Spore Crawler  
  12  8:27  Drone x6  
  18  8:35  Extractor  
  18  8:39  Drone x2  
  19  8:53  Spore Crawler  
  18  8:56  Drone x2  
  18  9:01  Drone  
  21  9:14  Drone x3  
  24  9:20  Lair  
  24  9:25  Drone x2  
  24  9:31  Extractor  
  25  9:55  Spore Crawler  
  24  10:00  Drone x3  
  24  10:01  Drone x3  
  30  10:11  Metabolic Boost  
  30  10:14  Drone  
  31  10:15  Extractor  
  31  10:16  Drone  
  31  10:23  Drone x2  
  31  10:28  Spore Crawler  
  32  10:29  Spore Crawler  
  32  10:31  Spore Crawler  
  32  10:34  Drone, Spore Crawler  
  30  10:41  Drone  
  31  10:45  Pneumatized Carapace  
  31  10:57  Drone x4, Nydus Network  
  34  11:08  Drone  
  34  11:09  Drone  
  34  11:10  Spore Crawler  
  35  11:16  Drone  
  35  11:17  Drone  
  37  11:28  Hatchery  
  36  11:36  Nydus Canal  
  36  11:39  Zergling x8  
  41  12:01  Zergling x8  
  44  12:10  Drone  
  44  12:11  Hatchery  
  44  12:14  Drone  
  45  12:23  Hatchery  
  44  12:36  Drone x2  
  46  12:42  Zergling x10  
  51  12:56  Infestation Pit  
  50  13:06  Zergling x12  
  42  13:31  Spore Crawler  
  42  13:33  Spore Crawler  
  37  13:34  Drone  
  37  13:36  Spore Crawler  
  37  13:37  Spore Crawler  
  37  13:38  Drone x2, Spore Crawler  
  36  13:53  Drone x3  
  39  13:56  Drone x3  
  42  14:07  Drone x3  
Tags
 
Add a new tag
Caveats
  • Supply blocks, unpowered buildings, or Contaminate may cause inaccurate times.
  • Supply counts are checked every 10 seconds.